 Dungeon Crawl Stone Soup version 0.21-a0-349-g0c35859 (webtiles) character file.

70 Dfrag the Firebug (level 4, 25/30 HPs)
             Began as a Demonspawn Fire Elementalist on Oct 9, 2017.
             Quit the game on level 1 of the Dungeon.
             The game lasted 00:03:00 (656 turns).

Dfrag the Firebug (Demonspawn Fire Elementalist)     Turns: 656, Time: 00:03:01

Health: 25/30      AC:  2    Str:  8    XL:     4   Next: 3%
Magic:  11/17      EV: 12    Int: 18    God:
Gold:   70         SH:  4    Dex: 13    Spells: 7/8 levels left

rFire    . . .     SeeInvis .   (no weapon)
rCold    . . .     Gourm    .   (no shield)
rNeg     . . .     Faith    .   a - +0 robe
rPois    .         Spirit   .   (no helmet)
rElec    .         Reflect  .   (no cloak)
rCorr    .         Harm     .   (no gloves)
MR       .....                  (no boots)
Stlth    ++........             (no amulet)
HPRegen  0.10/turn              h - ring of wizardry
MPRegen  0.15/turn              f - ring of magical power

@: no status effects
A: large bone plates 1, powered by pain 1
a: no special abilities


You were on level 1 of the Dungeon.
You were not hungry.

You visited 1 branch of the dungeon, and saw 2 of its levels.

You collected 70 gold pieces.

Inventory:

Armour
 a - a +0 robe (worn)
Jewellery
 f - a ring of magical power (right hand)
 h - a ring of wizardry (left hand)
Scrolls
 d - 4 scrolls of remove curse {unknown}
 e - 2 scrolls of fog {unknown}
 g - a scroll of enchant weapon {unknown}
 k - a scroll of fear {unknown}
 l - a scroll of identify {unknown}
 m - a scroll of enchant armour {unknown}
Potions
 i - a potion of lignification {unknown}
 j - a potion of might {unknown}
 n - a potion of flight {unknown}
Books
 b - a book of Flames

   Spells                             Type                      Level
   a - Flame Tongue                   Conjuration/Fire             1
   b - Throw Flame                    Conjuration/Fire             2
   c - Conjure Flame                  Conjuration/Fire             3
   d - Inner Flame                    Hexes/Fire                   3
   e - Sticky Flame                   Conjuration/Fire             4
   f - Fireball                       Conjuration/Fire             5
Comestibles
 c - 2 bread rations


   Skills:
 - Level 1.7 Dodging
 - Level 1.7 Stealth
 + Level 2.8 Spellcasting
 + Level 2.3 Conjurations
 + Level 3.3 Fire Magic


You had 7 spell levels left.
You knew the following spells:

 Your Spells              Type           Power        Failure   Level  Hunger
a - Flame Tongue          Conj/Fire      ##...        1%          1    None


Dungeon Overview and Level Annotations

Branches:
Dungeon (2/15)

Altars:


Innate Abilities, Weirdness & Mutations

You are partially covered in large bone plates. (SH +4)
You sometimes gain a little power by taking damage.


Message History

The bat barely misses you.
Casting: Flame Tongue
Confirm with . or Enter, or press ? or * to list all spells.
Aiming: Flame Tongue
Press: ? - help, Shift-Dir - straight line, f - bat
Aim: a bat The flame tongue hits the bat.
You kill the bat!
Casting: Flame Tongue
Confirm with . or Enter, or press ? or * to list all spells.
You can't see any susceptible monsters within range! (Use Z to cast anyway.)
You climb upwards.
There is a stone staircase leading down here.
Sorry, you're not good enough to have a special ability.
Unknown command.
Done exploring.
Done exploring.
Done exploring.
Done exploring.
Are you sure you want to abandon this character and quit the game? (Confirm with "yes".)

...............(.....###.......).
................>.....###..#.....
..............................##.
........................#.##.###.
..............#...##......##.....
.................####.........###
..............#####.....####..#
#.#...........#####.#....###..###
#.#.........#...@...#............
#.#..............................
#.#....##..####.###..............
#.#....##..#((#...#.......##.....
.......##..#..#..(#.......##....)
#.#.#####.......###.......##.....
....##.....###............##.....
.#####.....#...#..#.......##.....
## ##.....#(..#..#......###.....


There were no monsters in sight!

Vanquished Creatures
  Natasha (D:2)
  A gnoll (D:1)
  A dart slug (D:1)
  2 leopard geckos (D:1)
  3 bats
  6 giant cockroaches
  3 goblins (D:1)
  4 hobgoblins
  2 frilled lizards (D:1)
  3 kobolds (D:1)
  4 rats (D:1)
30 creatures vanquished.

Notes
Turn   | Place    | Note
-------+----------+-------------------------------------------
     0 | D:1      | Dfrag the Demonspawn Fire Elementalist began the quest for the Orb.
     0 | D:1      | Reached XP level 1. HP: 13/13 MP: 3/3
    28 | D:1      | Gained mutation: You are partially covered in large bone plates. (SH +4) [demonic ancestry]
    28 | D:1      | Reached XP level 2. HP: 19/19 MP: 0/5
   142 | D:1      | Reached skill level 3 in Fire Magic
   230 | D:1      | Reached XP level 3. HP: 14/24 MP: 1/6
   527 | D:2      | Noticed Natasha
   534 | D:2      | Killed Natasha
   652 | D:2      | Gained mutation: You sometimes gain a little power by taking damage. [demonic ancestry]
   652 | D:2      | Reached XP level 4. HP: 25/30 MP: 8/8
   656 | D:1      | Quit the game

Vault maps used:
D:1:      minmay_arrival_arboretum_small, minmay_misc_feat_rows,
          minmay_octomino_c4
D:2:      first_bread, uniq_terence, uniq_natasha, uniq_crazy_yiuf_cottage,
          uniq_robin

Skill      XL: |  1  2  3 |
---------------+----------+-----
Fire Magic     | 3 |  3.3
Conjurations   | 2 |  2.3
Dodging        | |  1.7
Stealth        | |  1.7
Spellcasting   | |  2.8

Action                   |  1- 3 |  4- 6 || total
-------------------------+-------+-------++-------
Melee: Unarmed           |    17 |       ||    17
 Cast: Flame Tongue      |    48 |     2 ||    50
Armor: Robe              |     3 |       ||     3
Dodge: Dodged            |    24 |     1 ||    25
Block: Other             |    10 |       ||    10

Table legend:
 A = Spawn XP
 B = Non-spawn XP
 C = Spawn XP percentage of total XP
 D = Spawn monster count
 E = Non-spawn monster count
 F = Spawn count percentage of total count
 G = Total turns spent on level
                    A         B        C        D         E        F      G
               +---------+---------+-------+---------+---------+-------+---------
         Total |       0 |     100 |   0.0 |       0 |      30 |   0.0 |   656
               +---------+---------+-------+---------+---------+-------+---------
           D:1 |       0 |      57 |   0.0 |       0 |      25 |   0.0 |   487
           D:2 |       0 |      43 |   0.0 |       0 |       5 |   0.0 |   169
               +---------+---------+-------+---------+---------+-------+---------
